 Dungeon Crawl Stone Soup version 0.32-a0-913-g739538afd8 (webtiles) character file.

Game seed: 5832871121865669768

21870 Pooter the Gouger (level 12, -7/106 HPs)
             Began as a Felid Berserker on Apr 6, 2024.
             Was a Follower of Trog.
             Killed from afar by a gargoyle (17 damage)
             ... with a stone arrow
             ... in a volcano on Apr 7, 2024.
             The game lasted 01:36:36 (15963 turns).

Pooter the Gouger (Felid Berserker)                Turns: 15963, Time: 01:36:37

Health: -7/106     AC:  8    Str: 18    XL:     12   Next: 58%
Magic:  13/13      EV: 16    Int: 13    God:    Trog [*.....]
Gold:   408        SH:  0    Dex: 19    Spells: 11/11 levels left
                                        Lives:  0   Deaths: 4

rFire   . .          .
                       - Unarmed
rCold   . . .        (shield unavailable)
rNeg    . . .        (body armour unavailable)
rPois   +            (helmet unavailable)
rElec   .            (cloak unavailable)
rCorr   .            (gloves unavailable)
SInv    +            (boots unavailable)
Will    ++...        m - amulet of magic regeneration Stlth
                     K - ring of willpower
HPRegen 0.37/turn    I - ring of flight
MPRegen 0.53/turn

%: no passive effects
@: berserking, snake-form, flying, very quick
A: constrict, large, (claws 1), (fangs 3), see invisible, (shaggy fur 3),
(stealthy paws), no weapons or thrown items, no armour, multi-lived
a: Begin Untransformation, Renounce Religion, Berserk


You were in a volcano.
You worshipped Trog.
Trog was aware of your devotion.
You were an enormous serpent.
You visited 3 branches of the dungeon, and saw 14 of its levels.
You also visited: Sewer, Bailey and Volcano.

You collected 760 gold pieces.
You spent 352 gold pieces at shops.

Inventory:

Jewellery
 c - a ring of magical power
   (You found it on level 1 of the Dungeon)
 m - an amulet of magic regeneration (around neck)
   (You found it on level 2 of the Dungeon)
 C - a ring of resist corrosion
   (You found it on level 10 of the Dungeon)
 I - a ring of flight (right hand)
   (You found it on level 11 of the Dungeon)
 K - a ring of willpower (left hand)
   (You found it on level 11 of the Dungeon)
Talismans
 p - a flux talisman
   (You found it on level 3 of the Dungeon)
 w - a beast talisman
   (You found it on level 4 of the Dungeon)
 y - a blade talisman
   (You found it on level 6 of the Dungeon)
 H - a serpent talisman (active)
   (You found it on level 1 of the Lair of Beasts)
Wands
 f - a wand of flame (25)
   (You found it in a sewer)
 k - a wand of mindburst (6)
   (You took it off Maurice on level 9 of the Dungeon)
 l - a wand of polymorph (7)
   (You found it on level 7 of the Dungeon)
 B - a wand of charming (9)
   (You found it on level 6 of the Dungeon)
 D - a wand of digging (6)
   (You found it on level 5 of the Dungeon)
 E - a wand of warping (8)
   (You found it on level 7 of the Dungeon)
Scrolls
 a - a scroll of summoning
 d - 2 scrolls of fog
 e - a scroll of blinking
 g - 2 scrolls of fear
 o - 4 scrolls of vulnerability {!r}
 q - 2 scrolls of immolation {!r}
 r - 2 scrolls of enchant armour
 t - 11 scrolls of teleportation {@r4}
 v - 4 scrolls of noise {!r}
Potions
 b - 2 potions of invisibility
 h - a potion of enlightenment
 j - 3 potions of curing {@q1}
 n - a potion of cancellation {unknown}
 s - 3 potions of resistance
 u - a potion of lignification {!q}
 x - 2 potions of ambrosia
 z - a potion of heal wounds {unknown}
 A - 3 potions of haste {@q3}
 F - a potion of might {unknown}
 G - 2 potions of mutation {!q}
Miscellaneous
 J - a phantom mirror
   (You found it on level 11 of the Dungeon)


   Skills:
 + Level 8.6 Fighting
 + Level 11.1 Dodging
 + Level 11.2 Stealth
 * Level 11.5 Unarmed Combat
 - Level 5.4 Evocations
 * Level 9.1 Shapeshifting


You had 11 spell levels left.
You didn't know any spells.
Your spell library was empty.

Dungeon Overview and Level Annotations

Branches:
Dungeon (11/15) Zot: 25663  Temple (0/1) D:6            Lair (2/5) D:11 Zot: 16011
    Orc (1/2) D:10 Zot: 5993   Sewer (visited)          Bailey (visited)
Volcano (1/1) Zot: 5552
  Swamp: Lair:2-3    Shoals: Lair:2-3     Snake: Lair:2-3    Spider: Lair:2-3

Altars:
Ashenzari
Cheibriados
Fedhas
Kikubaaqudgha
Okawaru
Qazlal
Sif Muna
Trog
Uskayaw
Wu Jian
Yredelemnul

Shops:
D:4 ***   D:11 [

Annotations:
D:6 Jeremiah
D:8 1 runed translucent door, inkslinger's ghost, novice GnWn


Innate Abilities, Weirdness & Mutations

You are an enormous serpent.
You have a powerful constriction melee attack.
((You have sharp claws.))
((You have razor-sharp teeth.))
You have supernaturally acute eyesight. (SInv)
((Your thick and shaggy fur keeps you warm. (AC +3, rC+)))
((Your paws help you pounce on unaware monsters.))
You are incapable of wielding weapons or throwing items.
You cannot wear armour.
You gain extra lives every three experience levels.


Message History

You start resting.
You recover from your berserk rage.
You start resting.
Okay, then.
The helpless occultist fails to defend itself.
You body-slam the occultist!!
You grab the occultist. You constrict the occultist!
You body-slam the occultist!!
You kill the occultist!
Trog accepts your kill.
Trog appreciates your killing of a magic user.
You hear a splash. x2
Things that are here:
a +1 dagger of flaming; a +0 robe of fire resistance The molten gargoyle hits you with a +0 mace.
You are engulfed in flames!
You lash the molten gargoyle! You grab the molten gargoyle.
You constrict the molten gargoyle, but do no damage.
The molten gargoyle hits you with a +0 mace!
You are engulfed in flames!
You lash the molten gargoyle! You constrict the molten gargoyle.
The molten gargoyle blasts magma at you!
The bolt of magma hits you!!
* * * LOW HITPOINT WARNING * * *
You fail to use your ability.
You are engulfed in a cloud of scalding steam.
* * * LOW HITPOINT WARNING * * *
You constrict the molten gargoyle. The molten gargoyle misses you.
A molten gargoyle comes into view. It is wielding a +0 mace.
You lash the molten gargoyle!
You destroy the molten gargoyle!
Trog accepts your kill.
You are engulfed in a cloud of scalding steam.
* * * LOW HITPOINT WARNING * * *
Okay, then.
You reach down and open the large door. 2 gargoyles come into view.
There is a large open door here.
A red film seems to cover your vision as you go berserk!
You feel yourself moving faster!
You feel mighty!
You hit the gargoyle. You grab the gargoyle. You constrict the gargoyle.
You body-slam the gargoyle!!
You constrict the gargoyle. The gargoyle misses you.
You hit the gargoyle but do no damage. You constrict the gargoyle.
You body-slam the gargoyle!!
You destroy the gargoyle!
Trog accepts your kill.
The gargoyle hurls a stone arrow at you.
The stone arrow hits you!
You die...

.#..## ##9...# ..# ##...#.##
..+ #..§##..# ..# #..#
####..#~~#.## ..# #..#
#≈≈≈.#~~)~#.## 9.+ #..#
#≈≈≈.#~§§~#..##..# #..#
#≈###~~§§~~#..#..# #..########
#≈#*#~~~~~~~9.S).####..##ß..ß.#
#≈###~~~~~~~#.'..#ß...ß.'.....ß
#≈#~~~~~~~~~..####......'......
#§#~~~######### #(..⌠..#...∩.∩
#≈#~~##~~~~~..####......+......
#§###~~~~~~~#.'..#ß...ß.+.....ß
#≈#~~~~~~~~~..'..####..##ß..ß.#
#≈#~~§~~~~~#..#..# #..########
#≈#~~~~~~~#..##..####..#


You could see a molten gargoyle and a gargoyle.

Vanquished Creatures
  A two-headed ogre (D:10)
  An occultist (Volcano)
  Amaemon (D:8)
  An arcanist (D:11)
  The ghost of avangion the Thaumaturge, a novice DECj of Vehumet (D:7)
  A manticore (D:11)
  A salamander (Volcano)
  5 cyclopes
  Maurice (D:9)
  2 black mambas (Lair:1)
  Joseph (D:7)
  An orange demon (D:8)
  3 molten gargoyles (Volcano)
  A gargoyle (Volcano)
  Maggie (D:6)
  2 unseen horrors (D:11)
  2 cane toads
  3 komodo dragons
  Psyche (D:11)
  7 trolls
  4 polar bears (Lair:1)
  Grinder (D:4)
  7 blink frogs (Lair:1)
  A shadow (D:11)
  8 yaks
  4 wraiths
  Eustachio (D:6)
  3 wyverns
  A basilisk (D:11)
  A warg (D:10)
  2 steam dragons (Lair:1)
  Grum (D:9)
  Edmund (D:5)
  An acid dragon (D:10)
  5 water moccasins
  5 ice beasts
  3 orc warriors
  A black bear (Lair:1)
  A sky beast (D:7)
  2 ogres
  A crocodile (Sewer)
  3 centaurs
  2 wolves (D:9)
  A phantom (D:5)
  2 kobold brigands
  9 bullfrogs
  4 scorpions
  3 killer bees (D:7)
  2 bombardier beetles
  9 howler monkeys
  A crimson imp (D:11)
  2 hounds
  3 jellies
  2 gnoll boudas
  2 iguanas
  7 orc priests
  2 sleepcaps
  10 orc wizards
  14 gnolls
  4 adders
  2 shadow imps
  2 white imps
  2 ufetubi (D:5)
  A dart slug (D:2)
  3 ribbon worms
  46 orcs
  8 endoplasms
  2 giant cockroaches
  10 goblins
  5 hobgoblins
  7 jackals
  3 quokkas
  9 ball pythons
  7 bats
  2 frilled lizards
  14 kobolds
  4 rats
300 creatures vanquished.

Vanquished Creatures (collateral kills)
  An orc (D:8)
1 creature vanquished.

Vanquished Creatures (others)
  An orc wizard (D:11)
  An orc (D:10)
2 creatures vanquished.

Grand Total: 303 creatures vanquished

Notes
Turn   | Place    | Note
-------+----------+-------------------------------------------
     0 | D:1      | Pooter the Felid Berserker began the quest for the Orb.
     0 | D:1      | Reached XP level 1. HP: 12/12 MP: 2/2
   155 | D:1      | Reached XP level 2. HP: 16/16 MP: 3/3
   248 | D:1      | Reached skill level 1 in Stealth
   565 | D:1      | Reached XP level 3. HP: 8/20 MP: 4/4
  1007 | D:2      | Reached ** piety under Trog
  1641 | D:3      | Reached XP level 4. HP: 24/24 MP: 5/5
  1641 | D:3      | Gained a life (2 lives remaining)
  1641 | D:3      | Found a glowing drain.
  1650 | Sewer    | Entered a sewer
  1732 | Sewer    | Noticed a crocodile
  1747 | Sewer    | Killed a crocodile
  1748 | Sewer    | Reached skill level 1 in Shapeshifting
  1748 | Sewer    | Reached XP level 5. HP: 9/28 MP: 6/6
  2688 | D:4      | Reached *** piety under Trog
  2689 | D:4      | Reached skill level 5 in Dodging
  2700 | D:4      | Gained mutation: You are covered in thick fur. (AC +2)
                  | [Felid growth]
  2700 | D:4      | Reached XP level 6. HP: 22/33 MP: 7/7
  2888 | D:4      | Found Limech's Specific Store.
  2897 | D:4      | Found Sozxaufu's General Store.
  2906 | D:4      | Bought a potion of curing for 30 gold pieces
  2906 | D:4      | Bought a scroll of noise for 10 gold pieces
  2986 | D:4      | Noticed Grinder
  3000 | D:4      | Killed Grinder
  3001 | D:4      | Reached skill level 5 in Unarmed Combat
  3071 | D:4      | Reached XP level 7. HP: 37/37 MP: 8/8
  3084 | D:4      | Found Ocoatwan's General Store.
  3124 | D:4      | Bought 2 scrolls of teleportation for 72 gold pieces
  3917 | D:4      | Reached skill level 5 in Stealth
  4196 | D:5      | Entered Level 5 of the Dungeon
  4284 | D:5      | Found a blossoming altar of Fedhas.
  4531 | D:5      | Reached XP level 8. HP: 42/42 MP: 9/9
  4700 | D:5      | Found a broken altar of Ashenzari.
  4708 | D:5      | Found an iron altar of Okawaru.
  4850 | D:5      | Noticed Edmund
  4865 | D:5      | Killed Edmund
  5005 | D:5      | Found a snail-covered altar of Cheibriados.
  5348 | D:6      | Noticed Eustachio
  5352 | D:6      | Killed Eustachio
  5353 | D:6      | Reached skill level 5 in Fighting
  5514 | D:6      | Found a staircase to the Ecumenical Temple.
  5608 | D:6      | Found a bloodstained altar of Trog.
  5980 | D:6      | Noticed Jeremiah
  6070 | D:6      | Noticed Maggie
  6083 | D:6      | Killed from afar by Maggie
  6083 | D:6      | Lost a life (1 life remaining)
  6116 | D:6      | Reached XP level 9. HP: 42/47 MP: 10/10
  6116 | D:6      | Gained a life (2 lives remaining)
  6126 | D:6      | Killed Maggie
  6127 | D:6      | Reached skill level 1 in Evocations
  6347 | D:6      | HP: 1/70 [Jeremiah/divine providence (16)]
  7187 | D:7      | Reached skill level 5 in Shapeshifting
  7349 | D:7      | Found a runed translucent door.
  7374 | D:7      | Noticed avangion's ghost (novice DECj)
  7387 | D:7      | Killed avangion's ghost
  7429 | D:7      | Found a hide-covered altar of Uskayaw.
  7592 | D:4      | Bought a wand of charming (10) for 240 gold pieces
  7667 | D:7      | Noticed Joseph
  7678 | D:7      | Slain by Joseph
  7678 | D:7      | Lost a life (1 life remaining)
  7964 | D:7      | Killed Joseph
  8114 | D:7      | Reached XP level 10. HP: 49/53 MP: 11/11
  8114 | D:7      | Gained a life (2 lives remaining)
  8560 | D:8      | Found a runed translucent door.
  8592 | D:8      | Noticed inkslinger's ghost (novice GnWn)
  8634 | D:8      | Noticed Amaemon
  9509 | D:8      | Noticed an orange demon
  9517 | D:8      | Killed Amaemon
  9521 | D:8      | HP: 2/79 [poisoned by orange demon (concentrated venom)]
  9521 | D:8      | Mangled by an orange demon
  9521 | D:8      | Lost a life (1 life remaining)
  9626 | D:8      | Killed an orange demon
  9766 | D:8      | Found an ornate altar of the Wu Jian Council.
  9900 | D:9      | Noticed Grum
  9900 | D:9      | Noticed Maurice
  9984 | D:9      | Found a flagged portal.
  9998 | D:9      | Identified the +1 sling "Tashoh" {drain, rElec Str+5}
 10004 | Bailey   | Entered a bailey
 10024 | Bailey   | Noticed an orc knight
 10601 | D:9      | Killed Grum
 10827 | D:9      | Maurice stole a blade talisman
 10829 | D:9      | Killed Maurice
 10830 | D:9      | Reached XP level 11. HP: 58/58 MP: 12/12
 11187 | D:9      | Found an ancient bone altar of Kikubaaqudgha.
 11187 | D:9      | Found a shimmering blue altar of Sif Muna.
 11195 | D:9      | Found a faded altar of an unknown god.
 11197 | D:9      | Found a basalt altar of Yredelemnul.
 11199 | D:9      | Found a faded altar of an unknown god.
 11328 | D:10     | Entered Level 10 of the Dungeon
 11333 | D:10     | Found a stormy altar of Qazlal.
 11701 | D:10     | Found a staircase to the Orcish Mines.
 12159 | Orc:1    | Entered Level 1 of the Orcish Mines
 12159 | Orc:1    | Noticed an orc warlord
 12259 | D:11     | Noticed a two-headed ogre
 12272 | D:10     | Killed a two-headed ogre
 12273 | D:10     | Reached skill level 5 in Evocations
 12566 | D:11     | Reached skill level 10 in Unarmed Combat
 12863 | D:11     | Noticed Psyche
 12957 | D:10     | Upgraded the game from 0.32-a0-909-gc671339a80 to
                  | 0.32-a0-913-g739538afd8
 12965 | D:11     | Killed Psyche
 13091 | D:11     | Reached skill level 10 in Dodging
 13091 | D:11     | Reached skill level 10 in Stealth
 13219 | D:11     | Found a staircase to the Lair.
 13319 | D:11     | Found Ituduzak's Armour Shop.
 13431 | D:11     | Noticed an arcanist
 13439 | D:11     | Killed an arcanist
 13544 | Lair:1   | Entered Level 1 of the Lair of Beasts
 14207 | Lair:1   | Mangled by a black mamba
 14207 | Lair:1   | Lost a life (0 lives remaining)
 14324 | Lair:1   | Gained mutation: Your thick and shaggy fur keeps you warm.
                  | (AC +3, rC+) [Felid growth]
 14324 | Lair:1   | Reached XP level 12. HP: 26/64 MP: 13/13
 14416 | Lair:1   | HP: 2/53 [poisoned by a black mamba]
 15527 | Lair:2   | Found a dark tunnel.
 15535 | Volcano  | Entered a volcano
 15837 | Volcano  | Noticed an orb of fire
 15863 | Volcano  | Noticed an orb of fire
 15950 | Volcano  | HP: 3/71 [something (4)]
 15963 | Volcano  | Killed from afar by a gargoyle

Illustrated notes

Levels and vault maps discovered:
D:1:      nzn_arrival_settlement, layout_loops_ring, st_stairs_3
D:2:      layout_basic
D:3:      layout_loops_ring, portal_sewer_entry_d
D:4:      layout_gridville, serial_shops, nicolae_shop_rolling_square,
          minmay_misc_feat_chi, nicolae_specific_store, uniq_grinder
D:5:      layout_loops_ring, fedhas_altar_1,
          gammafunk_temple_overflow_forgotten, uniq_edmund
D:6:      layout_loops_corners, lightli_temple_of_fire,
          minmay_temple_entry_glass, uniq_eustachio, uniq_maggie, uniq_jeremiah
D:7:      layout_basic, mainiacjoe_overflow_six_doors_small,
          ebering_ghost_reflecting_pool, uniq_joseph
D:8:      layout_cave_pools, nicolae_wu_jian_glorious_leap, serial_column_ruins,
          column_ruins_hut, column_ruins_open_medium, column_ruins_open_small,
          column_ruins_corridor_dead_end, column_ruins_columns_corner,
          hellmonk_ghost_big_iron, chequers_jeans, uniq_amaemon
D:9:      layout_loops_corners, chequers_temple_overflow_minitemple,
          enter_bailey_3, uniq_grum, uniq_maurice
D:10:     layout_roguey, grunt_qazlal_sundering, erik_orc_3
D:11:     layout_big_octagon, lair_entry_dummy, serial_shops,
          nicolae_stop_n_shop_2, serial_park, serial_park_square1
          [serial_park_minivault_5x5_6], serial_park_square3
          [serial_park_minivault_5x5_6], serial_park_paths
          [serial_park_minivault_5x5_4], serial_park_square1
          [serial_park_minivault_5x5_1], lightli_wizard_tower, uniq_psyche
Lair:1:   layout_small_grid, cheibrodos_lair_lostbears, serial_bayou_shore_b
Lair:2:   layout_chaotic_city, dummy_snake_entry, enter_volcano_2
Orc:1:    layout_diamond_mine
Volcano:  hellmonk_zot_springs

Skill      XL: |  1  2  3  4  5  6  7  8  9 10 11 12 |
---------------+-------------------------------------+-----
Stealth        | 1 2 3 4 5 6 7 9 10 11 | 11.2
Unarmed Combat | 4 5 7 8 9 10 11 | 11.5
Shapeshifting  | 1 2 3 4 5 7 8 9 |  9.1
Dodging        | 5 6 7 8 9 10 11 | 11.1
Fighting       | 4 5 6 7 8 |  8.6
Evocations     | 2 4 5 |  5.4

Action                     |  1- 3 |  4- 6 |  7- 9 | 10-12 || total
---------------------------+-------+-------+-------+-------++-------
  Melee: Unarmed           |   100 |   101 |   273 |   515 ||   989
         Bite              |    11 |     9 |    32 |    58 ||   110
         Punch             |     5 |     5 |    10 |    14 ||    34
         Constrict         |       |       |       |    22 ||    22
 Invoke: Berserk           |     1 |     2 |    16 |    21 ||    40
         Trog's Hand       |     1 |     2 |     9 |    27 ||    39
  Evoke: Wand              |       |     2 |    17 |     8 ||    27
    Use: Scroll            |     4 |     3 |     3 |    18 ||    28
         Potion            |       |       |     1 |     3 ||     4
   Stab: Sleeping          |     7 |     6 |    12 |    11 ||    36
         Distracted        |       |       |       |     4 ||     4
 Armour: Skin              |    38 |    22 |    64 |   179 ||   303
  Dodge: Dodged            |   102 |    75 |   191 |   493 ||   861
   Form: Beast             |       |     1 |       |     2 ||     3
         Flux              |       |       |       |     4 ||     4
         Blade             |       |       |       |     3 ||     3
         Serpent           |       |       |       |     1 ||     1

Table legend: (Time is in decaauts)
 A = Elapsed time spent in this place.
 B = Non-inter-level travel time spent in this place.
 C = Inter-level travel time spent in this place.
 D = Time resting spent in this place.
 E = Time spent auto-exploring this place.
 F = Levels seen in this place.
 G = Mean time per level.
                   A        B        C        D        E       F      G
               +--------+--------+--------+--------+--------+-----+--------+
         Total |  16214 |  15667 |    547 |   6482 |   5931 |  17 |  953.8 |
       Dungeon |  13473 |  12927 |    546 |   4806 |   5520 |  11 | 1224.8 |
          Lair |   1988 |   1988 |      0 |   1260 |    324 |   2 |  994.0 |
  Orcish Mines |      6 |      6 |      0 |      0 |      0 |   1 |    6.0 |
         Sewer |    259 |    259 |      0 |    120 |     57 |   1 |  259.0 |
        Bailey |     39 |     39 |      0 |      4 |      0 |   1 |   39.0 |
       Volcano |    447 |    447 |      0 |    291 |     30 |   1 |  447.0 |
               +--------+--------+--------+--------+--------+-----+--------+

Top non-repeatable levels by time:
     D:4: 1848 daAuts
     D:6: 1841 daAuts
  Lair:1: 1804 daAuts
    D:10: 1478 daAuts
     D:8: 1446 daAuts
     D:9: 1333 daAuts
     D:7: 1314 daAuts
     D:5: 1147 daAuts
     D:1: 877 daAuts
    D:11: 805 daAuts
     D:3: 795 daAuts
     D:2: 584 daAuts
 Volcano: 447 daAuts
   Sewer: 259 daAuts
  Lair:2: 184 daAuts
